 Dungeon Crawl Stone Soup version 0.17-a0-1842-gacc33f2 (webtiles) character file.

10636 kae the Spear-Bearer (level 11, -1/103 HPs)
             Began as a Naga Fighter on Sept 17, 2015.
             Was an Elder of Cheibriados.
             Slain by a six-headed hydra (8 damage)
             ... on level 1 of the Lair of Beasts.
             The game lasted 00:19:45 (11638 turns).

kae the Spear-Bearer (Naga Fighter)                Turns: 11638, Time: 00:19:46

Health: -1/103     AC: 12    Str: 28    XL:     11   Next: 65%
Magic:  23/28      EV:  7    Int: 17    God:    Cheibriados [****..]
Gold:   623        SH:  0    Dex: 23    Spells: 0 memorised, 10 levels left

rFire  . . .     SeeInvis +     y - +1 bardiche (venom)
rCold  . . .     Clarity  .     h - +0 plate armour
rNeg   + . .     SustAt   .     (no shield)
rPois  +         Gourm    .     j - +1 helmet
rElec  .         Spirit   .     R - +0 cloak
rCorr  .         Warding  .     (no gloves)
rMut   .         Stasis   .     (no barding)
MR     ++...                    (no amulet)
Stlth  ..........               z - ring of magical power
                                x - ring of positive energy

@: very slow, very resistant to hostile enchantments, extremely unstealthy
A: repulsion field 1, see invisible, deformed body, magic resistance 1, poison
resistance, slowness 2, slow metabolism 1, spit poison 2, AC +3
a: Spit Poison, Bend Time, Temporal Distortion, Slouch, Renounce Religion


You were on level 1 of the Lair of Beasts.
You worshipped Cheibriados.
Cheibriados was greatly pleased with you.
You were near starving.

You visited 3 branches of the dungeon, and saw 12 of its levels.

You collected 623 gold pieces.

Inventory:

Hand weapons
 a - a +1 trident
 y - a +1 bardiche of venom (weapon)
 H - a +1 spear of piercing
 K - a -2 glaive
Armour
 b - a +0 scale mail
 c - a +0 shield
 h - a +0 plate armour (worn)
 j - a +1 helmet (worn)
 n - the +5 large shield "Dishrast" {+Blink Slay+5}
   (You found it on level 4 of the Dungeon)

   It affects your accuracy and damage with ranged weapons and melee attacks
   (+5).
   It lets you blink.
 R - a +0 cloak (worn)
Jewellery
 x - a ring of positive energy (left hand)
 z - a ring of magical power (right hand)
 I - an uncursed ring of fire
 J - an uncursed ring of flight
Magical devices
 l - a wand of digging (21)
 u - a wand of enslavement (9)
 B - a wand of fire (0)
 P - a wand of draining (10)
Scrolls
 f - a scroll of fog
 g - 7 scrolls of remove curse
 o - 2 scrolls of teleportation
 r - a scroll of fear
 D - 2 scrolls of magic mapping
Potions
 i - 10 potions of curing
 m - 2 potions of brilliance
 p - a potion of heal wounds
 q - a potion of lignification {unknown}
 C - a potion of flight {unknown}
 O - a potion of invisibility {unknown}
Books
 t - a book of Changes

   Spells                             Type                      Level
   a - Beastly Appendage              Transmutation                1
   b - Sticks to Snakes               Transmutation                2
   c - Spider Form                    Transmutation/Poison         3
   d - Ice Form                       Ice/Transmutation            4
   e - Blade Hands                    Transmutation                5
 Q - a book of Conjurations

   Spells                             Type                      Level
   a - Magic Dart                     Conjuration                  1
   b - Searing Ray                    Conjuration                  2
   c - Dazzling Spray                 Conjuration/Hexes            3
   d - Fulminant Prism                Conjuration/Hexes            4
   e - Iskenderun's Mystic Blast      Conjuration                  4
   f - Iskenderun's Battlesphere      Conjuration/Charms           5
Comestibles
 e - 4 bread rations
 k - 7 beef jerkies
 s - 10 fruits
 v - a slice of pizza
 E - 6 meat rations
 G - 12 royal jellies


   Skills:
 - Level 8.0 Fighting
 + Level 13.0 Polearms
 - Level 2.4 Armour
 - Level 2.4 Shields
 - Level 10.7 Invocations


You had 10 spell levels left.
You didn't know any spells.

Dungeon Overview and Level Annotations

Branches:
Dungeon (10/15)            Temple (1/1) D:4            Lair (1/8) D:10
    Orc: D:9-12

Altars:
Ashenzari
Cheibriados
Dithmenos
Elyvilon
Fedhas
Gozag
Kikubaaqudgha
Makhleb
Nemelex Xobeh
Okawaru
Qazlal
Ru
Sif Muna
Trog
Vehumet
Xom
Yredelemnul
Zin
The Shining One

Shops:
D:6 %   D:8 }

Portals:
Trove: D:10 (give 19 scrolls of identify)


Innate Abilities, Weirdness & Mutations

You cannot wear boots.
Your serpentine skin is tough (AC +3).
You have supernaturally acute eyesight.
Armour fits poorly on your strangely shaped body.
Your system is resistant to poisons.
You cover ground very slowly.
You have a slow metabolism.
You can spit poison.
You are surrounded by a mild repulsion field (EV +2).
You are resistant to hostile enchantments.


Message History

Evoking this partially-identified wand wasted a few charges.
The six-headed hydra bites you! The six-headed hydra bites you.
* * * LOW HITPOINT WARNING * * *
The six-headed hydra bites you!
* * * LOW HITPOINT WARNING * * *
The six-headed hydra closely misses you.
The six-headed hydra bites you but does no damage. x2
Unknown command.
Evoke which item? (* to show all) (? for menu, Esc to quit)
Zapping:
B - a wand of fire {zapped: 5} (will waste charges)
Press: ? - help, Shift-Dir - straight line, f/p - six-headed hydra
Aim: a six-headed hydra (almost dead, slow) Nothing appears to happen.
The six-headed hydra barely misses you. The six-headed hydra bites you.
* * * LOW HITPOINT WARNING * * *
The six-headed hydra bites you but does no damage.
The six-headed hydra bites you!
* * * LOW HITPOINT WARNING * * *
The six-headed hydra bites you!
You die...

# ## ### #.# #.# ..# ..## ##
##. # #....#..# #.##.. ##.
##.#......####.... #... ##@#
#..}...##..... ...D. ##D##
#..).........
......###r######...........#
.......!†####.#...........##
.......†r...............###
.......................##
..#.................P...## .
#####.........#.##.....##
################....##


You could see a six-headed hydra and 2 river rats.

Vanquished Creatures
  2 hill giants (D:10)
  An ugly thing (D:10)
  A black mamba (Lair:1)
  A spiny frog (Lair:1)
  A komodo dragon (Lair:1)
  A fire drake (D:10)
  A troll (D:10)
  2 wyverns
  A deep elf mage (D:10)
  6 yaks (D:10)
  Grum (D:8)
  A hippogriff (D:8)
  2 wolves (D:8)
  4 hungry ghosts
  A soldier ant (D:8)
  A porcupine (Lair:1)
  3 sky beasts (D:7)
  A black bear (D:9)
  3 water moccasins (Lair:1)
  2 orc warriors
  A wasp (D:8)
  2 ice beasts
  6 centaurs
  3 phantoms
  5 ogres
  A necrophage (D:10)
  8 giant frogs
  2 gnoll sergeants
  5 scorpions
  9 killer bees (D:10)
  An electric eel (Lair:1)
  3 quasits
  2 giant frog zombies
  3 crimson imps
  5 hounds
  2 centaur skeletons
  2 centaur zombies
  7 orc priests
  2 jellies
  5 iguanas
  9 orc wizards
  5 worker ants
  A hound zombie (D:10)
  A hound skeleton (D:7)
  10 gnolls
  A worker ant zombie (D:5)
  10 adders
  19 river rats (Lair:1)
  3 adder skeletons
  6 worms
  7 giant geckos
  26 orcs
  10 bats
  11 hobgoblins
  29 jackals
  9 kobolds
  2 ball pythons
  4 giant cockroaches
  3 giant newts
  13 goblins
  A jackal skeleton (D:4)
  3 quokkas
  2 quokka skeletons (D:5)
  16 rats
311 creatures vanquished.

Vanquished Creatures (others)
  5 fungi (Lair:1)
5 creatures vanquished.

Grand Total: 316 creatures vanquished

Notes
Turn   | Place    | Note
--------------------------------------------------------------
     0 | D:1      | kae the Naga Fighter began the quest for the Orb.
     0 | D:1      | Reached XP level 1. HP: 21/21 MP: 1/1
    77 | D:1      | Reached XP level 2. HP: 20/28 MP: 2/2
   505 | D:1      | Reached XP level 3. HP: 34/34 MP: 3/3
  1210 | D:2      | Reached skill level 4 in Polearms
  1227 | D:2      | Reached XP level 4. HP: 39/42 MP: 4/4
  1808 | D:3      | Noticed a centaur
  1817 | D:3      | Killed a centaur
  1817 | D:3      | Reached skill level 5 in Polearms
  1817 | D:3      | Reached XP level 5. HP: 28/49 MP: 5/5
  2094 | D:2      | Gained mutation: You are surrounded by a mild repulsion field (EV +2). [potion of beneficial mutation]
  2095 | D:2      | Gained mutation: You are resistant to hostile enchantments. [potion of beneficial mutation]
  2710 | D:4      | Reached skill level 6 in Polearms
  2710 | D:4      | Reached XP level 6. HP: 56/56 MP: 6/6
  2735 | D:4      | Found a staircase to the Ecumenical Temple.
  2780 | D:4      | Found a bloodstained altar of Trog.
  2859 | Temple   | Entered the Ecumenical Temple
  3092 | D:4      | Noticed a phantom
  3138 | D:4      | Killed a phantom
  3138 | D:4      | Reached skill level 7 in Polearms
  3337 | D:4      | Noticed an ice beast
  3358 | D:4      | Killed an ice beast
  3358 | D:4      | Reached XP level 7. HP: 8/62 MP: 7/7
  3816 | D:4      | Reached skill level 8 in Polearms
  4111 | D:4      | Got a fine large shield
  4122 | D:4      | Identified the +5 large shield "Dishrast" {+Blink Slay+5} (You found it on level 4 of the Dungeon)
  4142 | D:4      | Found a radiant altar of Vehumet.
  4405 | D:5      | Entered Level 5 of the Dungeon
  4469 | D:5      | Noticed a hungry ghost
  4483 | D:5      | Killed a hungry ghost
  4483 | D:5      | Reached skill level 9 in Polearms
  4483 | D:5      | Reached XP level 8. HP: 66/69 MP: 8/8
  4861 | D:5      | Found a glowing golden altar of the Shining One.
  5060 | D:6      | Found a sand-covered staircase.
  5095 | D:6      | Found a sacrificial altar of Ru.
  5143 | D:6      | Reached skill level 10 in Polearms
  5485 | D:6      | Found a shadowy altar of Dithmenos.
  5690 | D:6      | Found Kanwolun's Food Shop.
  5921 | D:6      | Reached skill level 11 in Polearms
  6132 | D:7      | Reached XP level 9. HP: 58/75 MP: 9/9
  6367 | D:7      | Found an iron altar of Okawaru.
  6440 | D:7      | Reached skill level 12 in Polearms
  6690 | D:8      | Found a stormy altar of Qazlal.
  7176 | D:8      | Noticed Grum
  7201 | D:8      | Killed Grum
  7201 | D:8      | Reached skill level 5 in Fighting
  7367 | D:8      | Reached XP level 10. HP: 77/91 MP: 10/10
  7454 | D:8      | Found Ijuer's Gadget Shop.
  7771 | D:9      | Found a snail-covered altar of Cheibriados.
  7779 | D:9      | Became a worshipper of Cheibriados the Contemplative
  8189 | D:9      | Acquired Cheibriados's first power
  8355 | D:10     | Entered Level 10 of the Dungeon
  8355 | D:10     | Found a staircase to the Lair.
  8519 | D:10     | Noticed a hill giant
  8531 | D:10     | Killed a hill giant
  8531 | D:10     | Reached skill level 5 in Invocations
  9155 | D:10     | Found a portal to a secret trove of treasure.
  9402 | D:10     | Reached XP level 11. HP: 91/103 MP: 16/16
  9693 | D:10     | Acquired Cheibriados's second power
 10046 | D:10     | Noticed a hill giant
 10059 | D:10     | Reached skill level 10 in Invocations
 10070 | D:10     | Killed a hill giant
 10311 | Lair:1   | Entered Level 1 of the Lair of Beasts
 10847 | Lair:1   | Identified a scroll of acquirement
 10920 | Lair:1   | Acquired Cheibriados's third power
 11509 | Lair:1   | Reached skill level 13 in Polearms
 11626 | Lair:1   | Noticed a five-headed hydra
 11638 | Lair:1   | Slain by a six-headed hydra

Vault maps used:
D:1:      evilmike_arrival_run_for_it
D:4:      lemuel_doored_altar, kennysheep_mini_moat,
          minmay_temple_entry_nine_rooms
D:5:      tso_oasis_becter, first_bread
D:6:      old_standard_altar, enter_ossuary_5, serial_shops, shop,
          nicolae_ru_awakened_eye
D:7:      okawaru_trees_2
D:8:      grunt_qazlal_clouds, serial_shops, shop, hangedman_pestilent_swarm,
          uniq_grum
D:9:      old_standard_altar
D:10:     minmay_lair_entry_lava, enter_trove_1
Temple:   oiseaux_autumnal_temple_12
Lair:1:   minmay_lair_oklob_chamber, serial_bayou_lagoon_a, tgw_fedhas

Action                   |  1- 3 |  4- 6 |  7- 9 | 10-12 || total
-------------------------+-------+-------+-------+-------++-------
Melee: Trident           |   154 |   286 |   428 |       ||   868
       Spear             |       |       |   113 |   427 ||   540
       Bardiche          |       |       |       |    55 ||    55
Invok: Bend Time         |       |       |       |     3 ||     3
 Abil: Spit Poison       |       |     2 |     3 |     4 ||     9
Evoke: Wand              |       |       |       |     3 ||     3
  Use: Scroll            |       |     8 |     5 |     6 ||    19
       Potion            |       |     3 |     1 |     1 ||     5
  Eat: Chunk             |     1 |     5 |    13 |     9 ||    28
       Fruit             |       |       |     1 |       ||     1
